 Dungeon Crawl Stone Soup version 0.28.0-43-g3370ac3207 (webtiles) character file.

Game seed: 8688665428950244832

72 4FPSwarrior the Grave Robber (level 4, -5/33 HPs)
             Began as a Mummy Necromancer on Mar 20, 2022.
             Slain by an iguana (10 damage)
             ... on level 6 of the Dungeon.
             The game lasted 00:07:44 (3008 turns).

4FPSwarrior the Grave Robber (Mummy Necromancer)    Turns: 3008, Time: 00:07:45

Health: -5/33      AC:  3    Str: 13    XL:     4   Next: 6%
Magic:  0/9        EV: 12    Int: 14    God:
Gold:   65         SH:  0    Dex: 12    Spells: 6/10 levels left

rFire   x . .      SeeInvis .   m - +2 dagger (speed)
rCold   + . .      Faith    .   (no shield)
rNeg    + + +      Spirit   .   a - +0 robe
rPois   ∞          Reflect  .   (no helmet)
rElec   .          Harm     .   h - scarf {shadows}
rCorr   .          Rampage  .   (no gloves)
Will    .....                   i - +0 pair of boots
Stlth   ++........              (no amulet)
HPRegen 0.11/turn               (no ring)
MPRegen 0.11/turn               (no ring)

@: no status effects
A: cold resistance 1, negative energy resistance 3, torment resistance 2, heat
vulnerability 1, no potions
a: no special abilities


You were on level 6 of the Dungeon.
You visited 1 branch of the dungeon, and saw 5 of its levels.

You collected 65 gold pieces.

Inventory:

Hand Weapons
 m - a +2 dagger of speed (weapon)
Missiles
 e - a throwing net
Armour
 a - a +0 robe (worn)
 h - a scarf of shadows (worn)
 i - a +0 pair of boots (worn)
Scrolls
 b - a scroll of enchant armour {unknown}
 c - 3 scrolls of identify {unknown}
 d - a scroll of vulnerability {unknown}
 f - a scroll of fog {unknown}
 g - a scroll of magic mapping {unknown}
 j - 2 scrolls of immolation {unknown}
 k - a scroll of amnesia {unknown}


   Skills:
 + Level 2.0 Fighting
 - Level 1.5 Dodging
 - Level 1.5 Stealth
 + Level 3.8 Spellcasting
 + Level 4.5 Necromancy


You had 6 spell levels left.
You knew the following spells:

 Your Spells              Type           Power      Damage    Failure   Level
a - Pain                  Necr           60%        1d7       3%          1
b - Vampiric Draining     Necr           15%        2d7       9%          3

Your spell library contained the following spells:

 Spells                   Type           Power      Damage    Failure   Level
 Animate Skeleton         Necr           30%        N/A       3%          1
 Animate Dead             Necr           7%         N/A       30%         4
 Conjure Flame            Conj/Fire      2%         6-21      52%         3
 Ignite Poison            Fire/Tmut/Pois 2%         N/A       52%         3
 Mephitic Cloud           Conj/Pois/Air  2%         N/A       52%         3
 Agony                    Necr           15%        N/A       63%         5
 Sticky Flame             Conj/Fire      2%         2d3       89%         4
 Freezing Cloud           Conj/Ice/Air   1%         6-21      99%         5


Dungeon Overview and Level Annotations

Branches:
Dungeon (4/15)
 Temple: D:4-7

Altars:

Annotations:
D:3 1 runed translucent door, Crazy Yiuf, Sigmund


Innate Abilities, Weirdness & Mutations

You are immune to poison.
Your flesh is cold resistant. (rC+)
You are immune to negative energy. (rN+++)
You are immune to unholy pain and torment.
You are vulnerable to heat. (rF-)
You do not drink.


Message History

An iguana comes into view.
The iguana hisses angrily.
Casting: Pain (safe; 3% risk of failure)
Confirm with . or Enter, or press ? or * to list all spells.
Aiming: Pain (safe; 3% risk of failure)
Press: ? - help, Shift-Dir - straight line, f - iguana
Aim: an iguana (chance to affect: 79%)
The iguana writhes in agony.
Casting: Pain (safe; 3% risk of failure)
Confirm with . or Enter, or press ? or * to list all spells.
Aiming: Pain (safe; 3% risk of failure)
Press: ? - help, Shift-Dir - straight line, f/p - iguana
Aim: an iguana (lightly wounded, chance to affect: 79%)
The iguana writhes in agony!
Casting: Pain (safe; 3% risk of failure)
Confirm with . or Enter, or press ? or * to list all spells.
Aiming: Pain (safe; 3% risk of failure)
Press: ? - help, Shift-Dir - straight line, f/p - iguana
Aim: an iguana (heavily wounded, chance to affect: 79%)
The iguana barely resists.
Casting: Pain (safe; 3% risk of failure)
Confirm with . or Enter, or press ? or * to list all spells.
Aiming: Pain (safe; 3% risk of failure)
Press: ? - help, Shift-Dir - straight line, f/p - iguana
Aim: an iguana (heavily wounded, chance to affect: 79%)
The iguana writhes in agony.
The iguana bites you.
You hit the iguana but do no damage.
The iguana is severely wounded.
The iguana barely misses you.
You hit the iguana but do no damage.
The iguana is severely wounded.
The iguana bites you!
* * * LOW HITPOINT WARNING * * *
Casting: Pain (safe; 3% risk of failure)
Confirm with . or Enter, or press ? or * to list all spells.
Aiming: Pain (safe; 3% risk of failure)
Press: ? - help, Shift-Dir - straight line, f/p - iguana
Aim: an iguana (severely wounded, chance to affect: 79%)
The iguana barely resists.
The iguana bites you!
You die...

... #.#
#.#
.##.#####
#.#
O.......#
#.#
.##.###.#
#.#
#.######.#
#...@l...#
##########


You could see an iguana.

Vanquished Creatures
  A gnoll (D:6)
  An adder (D:6)
  A worm (D:2)
  A dart slug (D:4)
  4 orcs (D:3)
  6 bats
  5 endoplasms
  A giant cockroach (D:1)
  3 goblins
  5 hobgoblins
  4 kobolds
  A quokka (D:3)
  2 ball pythons
  2 frilled lizards
  3 rats
40 creatures vanquished.

Vanquished Creatures (others)
  A fungus (D:2)
  2 plants (D:2)
3 creatures vanquished.

Grand Total: 43 creatures vanquished

Notes
Turn   | Place    | Note
-------+----------+-------------------------------------------
     0 | D:1      | 4FPSwarrior the Mummy Necromancer began the quest for the
                  | Orb.
     0 | D:1      | Reached XP level 1. HP: 13/13 MP: 4/4
   308 | D:1      | Reached XP level 2. HP: 20/20 MP: 1/6
   438 | D:1      | Reached skill level 1 in Fighting
  1149 | D:2      | Reached XP level 3. HP: 26/26 MP: 3/7
  1197 | D:2      | Learned a level 3 spell: Vampiric Draining
  1363 | D:2      | Found a faded altar of an unknown god.
  2012 | D:3      | Found a runed translucent door.
  2013 | D:3      | Noticed Crazy Yiuf
  2053 | D:3      | Noticed Sigmund
  2736 | D:4      | Noticed a phantom
  2848 | D:4      | You fall into a shaft and drop 2 floors!
  2955 | D:6      | Reached XP level 4. HP: 33/33 MP: 4/9
  2955 | D:6      | Noticed an ogre
  3008 | D:6      | Slain by an iguana

Illustrated notes

Levels and vault maps discovered:
D:1:      lemuel_arrival_funnel, layout_basic, grunt_decor_clamped
D:2:      layout_basic, shapermc_ecumenical_altar_mp_urbaneastern,
          moated_statue, hex_large
D:3:      layout_basic, uniq_sigmund, uniq_crazy_yiuf_cottage, uniq_grinder
D:4:      layout_rooms, serial_shops, nicolae_shop_hallway_stairs, uniq_pikel
D:6:      layout_loops_ring, gammafunk_ghost_hive, serial_shops, shop,
          kennysheep_little_box, shop, nicolae_shop_advertising_works
          [nicolae_subvault_shop_adworks], nicolae_shop_hallway_stairs,
          serial_bayou_pond_e

Skill      XL: |  1  2  3 |
---------------+----------+-----
Spellcasting   | 3 |  3.8
Fighting       | 1 2 |  2.0
Dodging        | |  1.5
Stealth        | |  1.5
Necromancy     | |  4.5

Action                   |  1- 3 |  4- 6 || total
-------------------------+-------+-------++-------
Melee: Dagger            |       |     5 ||     5
 Cast: Pain              |   107 |    10 ||   117
  Use: Scroll            |     1 |     1 ||     2
Armor: Robe              |     4 |       ||     4
Dodge: Dodged            |    11 |     2 ||    13
